 Dungeon Crawl Stone Soup version 0.28.0-53-g5a82cb258f (webtiles) character file.

Game seed: 4872319367217386429

20696 acdeimund the Spry (level 12, 0/103 (105) HPs)
             Began as a Merfolk Fighter on July 29, 2022.
             Was a High Priest of Okawaru.
             Killed by drain life
             ... invoked by a soul eater
              (20 damage)
             ... on level 2 of the Orcish Mines.
             The game lasted 01:05:57 (17647 turns).

acdeimund the Spry (Merfolk Fighter)               Turns: 17647, Time: 01:05:57

HP:   0/103 (105)   AC: 11    Str: 17    XL:     12   Next: 82%
MP:   12/12         EV: 25    Int:  7    God:    Okawaru [*****.]
Gold: 1272          SH: 11    Dex: 24    Spells: 11/11 levels left

rFire   . . .      SeeInvis .   X - +1 long sword (vamp)
rCold   . . .      Faith    .   c - +0 buckler
rNeg    . . .      Spirit   .   e - +3 leather armour
rPois   .          Reflect  +   (no helmet)
rElec   .          Harm     .   (no cloak)
rCorr   .          Rampage  .   Q - +2 pair of gloves
Will    .....                   T - +1 pair of boots
Stlth   ++........              m - amulet of reflection
HPRegen 0.27/turn               C - +6 ring of dexterity
MPRegen 0.13/turn               (no ring)

@: studying Ice Magic, lightly drained
A: (nimble swimmer 2), mertail
a: Renounce Religion, Heroism, Finesse, Duel


You were on level 2 of the Orcish Mines.
You worshipped Okawaru.
Okawaru was extremely pleased with you.
You visited 4 branches of the dungeon, and saw 14 of its levels.
You also visited: Sewer and Bailey.

You collected 1433 gold pieces.
You spent 161 gold pieces at shops.

Inventory:

Hand Weapons
 a - a +1 long sword
 p - the +7 hunting sling "Wiqaq" {freeze, rElec MP+9 SInv}
   (You found it on level 2 of the Dungeon)

   Any ammunition fired from it freezes those it strikes, dealing additional
   cold damage.
   It can also slow down cold-blooded creatures.
   rElec:     It insulates you from electricity.
   MP:        It affects your magic capacity (+9).
   SInv:      It lets you see invisible.
 D - a +0 falchion
 F - a +3 great sword of freezing
 G - a +2 scimitar
 H - a +6 falchion of freezing
 R - a +4 scimitar of holy wrath
 V - a +0 vorpal glaive
 W - the +10 short sword of Kayqahigga {flame, rC+ rCorr Str-5 Dex+2 Stlth+}
   (You found it on level 2 of the Dungeon)

   It burns those it strikes, dealing additional fire damage.
   Str:       It affects your strength (-5).
   Dex:       It affects your dexterity (+2).
   rC:        It protects you from cold.
   rCorr:     It protects you from acid and corrosion.
   Stlth:     It makes you more stealthy.
 X - a +1 vampiric long sword (weapon)
Missiles
 k - 23 poisoned darts
 J - 12 boomerangs (quivered)
Armour
 b - a +0 scale mail
 c - a +0 buckler (worn)
 e - a +3 leather armour (worn)
 i - a +0 pair of gloves
 j - a +0 leather armour
 q - a +0 pair of boots
 Q - a +2 pair of gloves (worn)
 T - a +1 pair of boots (worn)
Jewellery
 l - a ring of magical power
 m - an amulet of reflection (around neck)
 u - a ring of flight
 A - a ring of wizardry
 B - a ring of fire
 C - a +6 ring of dexterity (left hand)
 K - the amulet of the Four Winds {rN+ Will+++ Clar}
   (You found it on level 7 of the Dungeon)

   [amulet of nothing]

   rN:        It protects you from negative energy.
   Clar:      It protects you against confusion.
   Will:      It greatly increases your willpower.
 M - a +6 ring of dexterity
Wands
 g - a wand of digging (14)
 w - a wand of iceblast (5)
 N - a wand of paralysis (8)
 S - a wand of acid (4)
Scrolls
 t - 5 scrolls of magic mapping
 x - 2 scrolls of amnesia
 y - 2 scrolls of teleportation
 z - 3 scrolls of fog
 O - 3 scrolls of identify
Potions
 d - a potion of haste
 h - 3 potions of mutation
 n - a potion of ambrosia
 o - 2 potions of curing
 r - a potion of invisibility
 s - 6 potions of flight
 v - a potion of brilliance
 E - a potion of lignification
 I - a potion of cancellation {unknown}
 P - a potion of heal wounds {unknown}


   Skills:
 + Level 13.6 Fighting
 + Level 13.4 Long Blades
 - Level 2.1 Armour
 + Level 15.5 Dodging
 - Level 3.0 Shields


You had 11 spell levels left.
You didn't know any spells.
Your spell library contained the following spells:

 Spells                   Type           Power      Damage    Failure   Level
 Slow                     Hex            0%         N/A       58%         1
 Blink                    Tloc           0%         N/A       75%         2
 Confusing Touch          Hex            0%         N/A       92%         3
 Lesser Beckoning         Tloc           0%         N/A       92%         3
 Vampiric Draining        Necr           0%         2d6       92%         3
 Passage of Golubria      Tloc           0%         N/A       100%        4
 Iskenderun's Battlesphe  Conj           0%         2d6       100%        5
 Manifold Assault         Tloc           0%         N/A       100%        5
 Silence                  Hex/Air        0%         N/A       100%        5
 Iron Shot                Conj/Erth      0%         9d1       100%        6
 Lehudib's Crystal Spear  Conj/Erth      0%         10d2      100%        8
 Summon Small Mammal      Summ           Unusable   N/A       N/A         1
 Call Canine Familiar     Summ           Unusable   N/A       N/A         3
 Summon Guardian Golem    Hex/Summ       Unusable   N/A       N/A         3
 Spellforged Servitor     Conj/Summ      Unusable   N/A       N/A         7

Dungeon Overview and Level Annotations

Branches:
Dungeon (10/15)            Temple (1/1) D:7            Lair (1/6) D:10
    Orc (2/2) D:10            Elf (0/3) Orc:2         Sewer (visited)
 Bailey (visited)

Altars:
Ashenzari
Dithmenos
Fedhas
Gozag
Kikubaaqudgha
Makhleb
Nemelex Xobeh
Okawaru
Ru
Sif Muna
Trog
Uskayaw
Vehumet
Wu Jian
Xom
Yredelemnul
Zin
The Shining One
Beogh

Shops:
D:3 [   D:10 ([   Orc:1 *   Orc:2 ?*


Innate Abilities, Weirdness & Mutations

((You are very nimble when in or above water. (Stealth+, EV+, Speed+++)))
Your lower body shifts to a powerful aquatic tail in water.


Message History

You hit the soul eater but do no damage.
The soul eater is severely wounded.
You block the soul eater's attack.
You hit the soul eater but do no damage.
The soul eater is severely wounded.
You block the soul eater's attack.
You closely miss the soul eater.
The soul eater is severely wounded.
You barely miss the soul eater.
The soul eater is severely wounded.
The soul eater misses you.
You hit the soul eater but do no damage.
The soul eater is severely wounded.
You block the soul eater's attack.
You hit the soul eater but do no damage.
The soul eater is severely wounded.
The soul eater completely misses you.
You hit the soul eater but do no damage.
The soul eater is severely wounded.
You barely miss the soul eater.
The soul eater is severely wounded.
The soul eater completely misses you.
You completely miss the soul eater.
The soul eater is severely wounded.
The soul eater completely misses you.
You hit the soul eater.
The soul eater is severely wounded.
The soul eater draws from the surrounding life force!
* * * LOW HITPOINT WARNING * * *
The soul eater is healed.
You closely miss the soul eater.
The soul eater is heavily wounded.
You closely miss the soul eater.
The soul eater is heavily wounded.
The soul eater hits you.
* * * LOW HITPOINT WARNING * * *
You slash the soul eater!
The soul eater is heavily wounded.
The soul eater draws from the surrounding life force!
You die...

..)..........#)..##........###
......##..#####))###.#......#
.......#### ####))###.#..#.##
.##...###.###.###))###.#.####
##....#..#*#...###))###...#.##
.##.....#**,#.#.###))###.....#
......###*,,,#...###).###...##
......#**,,,**#3..###.)###..#*
#....##*,,,**,*#@..###..###..*
....##*,,,**,,,##........#####
...##*,,,**,,*,,##...#....##
..##*,*,**,,***,,##....#...##
.##*,,,,,,,**,∩*,,##.....#.∩##
##*,,,,,*,**∩,,,,,,##..#.....#
.##*,,,,,,,**,∩*,,##...).#.∩##
..#**,*,**,,***,,##....#...##
..#***,,,**,,*,,##...#....##


You could see a soul eater.

Vanquished Creatures
  Gastronok (D:10)
  An ettin (Orc:1)
  A centaur warrior (D:8)
  2 two-headed ogres
  A tengu warrior (D:8)
  Nergalle (D:9)
  3 ugly things (D:8)
  2 orc knights
  An orc sorcerer (Orc:1)
  A cyclops (D:8)
  A manticore (D:8)
  Joseph (D:8)
  A gargoyle (D:10)
  2 kobold demonologists
  A tengu conjurer (D:8)
  Grinder (D:5)
  2 shadows
  A vampire (D:9)
  6 spriggans (Bailey)
  2 wraiths
  5 yaks (D:10)
  A wyvern (D:9)
  A steam dragon (Bailey)
  A warg (Orc:1)
  Edmund (D:5)
  6 water moccasins
  A sky beast (D:5)
  4 black bears
  24 orc warriors
  3 ice beasts
  A necrophage (D:5)
  6 centaurs
  14 ogres
  A phantom (D:7)
  3 kobold brigands
  6 bullfrogs
  3 scorpions
  A wyvern skeleton (D:6)
  3 killer bees
  13 wights
  A howler monkey (D:5)
  A jelly (D:6)
  A bullfrog zombie (D:6)
  3 hounds
  19 orc priests
  A bullfrog skeleton (D:7)
  A scorpion zombie (D:5)
  An iguana (D:6)
  18 orc wizards
  A hound skeleton (D:4)
  10 adders
  6 river rats
  A shadow imp (D:5)
  A white imp (D:7)
  4 ufetubi
  4 worms
  2 adder skeletons (D:4)
  4 dart slugs
  56 orcs
  3 endoplasms
  7 giant cockroaches
  7 hobgoblins
  11 jackals
  10 quokkas
  9 ball pythons
  12 bats
  3 frilled lizards
  2 goblins
  17 kobolds
  6 rats
352 creatures vanquished.

Vanquished Creatures (others)
  35 fungi (D:10)
  35 plants (D:10)
70 creatures vanquished.

Grand Total: 422 creatures vanquished

Notes
Turn   | Place    | Note
-------+----------+-------------------------------------------
     0 | D:1      | acdeimund the Merfolk Fighter began the quest for the Orb.
     0 | D:1      | Reached XP level 1. HP: 18/18 MP: 1/1
   105 | D:1      | Reached skill level 1 in Dodging
   105 | D:1      | Reached XP level 2. HP: 24/24 MP: 2/2
   916 | D:2      | Reached XP level 3. HP: 30/30 MP: 3/3
  1123 | D:2      | You fall into a shaft and drop 1 floor!
  1123 | D:3      | Found a sacrificial altar of Ru.
  1199 | D:3      | Reached skill level 2 in Dodging
  1372 | D:3      | Found Wejio's Antique Armour Emporium.
  1529 | D:2      | Identified the +7 hunting sling "Wiqaq" {freeze, rElec MP+9
                  | SInv}
  1539 | D:2      | Identified the +10 short sword of Kayqahigga {flame, rC+
                  | rCorr Str-5 Dex+2 Stlth+}
  2045 | D:3      | Found a glowing golden altar of the Shining One.
  2420 | D:3      | Found a faded altar of an unknown god.
  2494 | D:3      | Reached XP level 4. HP: 31/37 MP: 4/4
  2816 | D:4      | Identified a scroll of acquirement
  2954 | D:4      | Reached skill level 3 in Dodging
  2954 | D:4      | Reached XP level 5. HP: 39/43 MP: 5/5
  3586 | D:4      | Noticed an ogre
  3857 | D:4      | Noticed an orc warrior
  3940 | D:5      | Entered Level 5 of the Dungeon
  3942 | D:5      | Found a glowing drain.
  3953 | Sewer    | Entered a sewer
  3961 | Sewer    | Reached skill level 4 in Dodging
  3966 | Sewer    | Reached XP level 6. HP: 48/50 MP: 6/6
  4110 | Sewer    | Reached skill level 5 in Fighting
  5024 | D:5      | Reached skill level 5 in Dodging
  5024 | D:5      | Reached XP level 7. HP: 47/56 MP: 7/7
  5037 | D:5      | Reached skill level 5 in Long Blades
  5230 | D:5      | Noticed Grinder
  5234 | D:5      | Killed Grinder
  5234 | D:5      | Noticed Edmund
  5235 | D:5      | Reached skill level 6 in Dodging
  5235 | D:5      | Reached XP level 8. HP: 65/65 MP: 8/8
  5626 | D:5      | Killed Edmund
  5627 | D:5      | Reached skill level 7 in Dodging
  6171 | D:6      | Reached skill level 8 in Dodging
  6368 | D:6      | Reached XP level 9. HP: 70/73 MP: 9/9
  7161 | D:7      | Reached skill level 9 in Dodging
  7374 | D:7      | Found a staircase to the Ecumenical Temple.
  7509 | Temple   | Entered the Ecumenical Temple
  7553 | Temple   | Became a worshipper of Warmaster Okawaru
  7610 | D:7      | Found a sparkling altar of Nemelex Xobeh.
  7641 | D:7      | Found a shadowy altar of Dithmenos.
  8007 | D:7      | Found the amulet of the Four Winds {rN+ Will+++ Clar}
  8185 | D:8      | Noticed a kobold demonologist
  8188 | D:8      | Noticed an ice devil
  8303 | D:7      | Killed a kobold demonologist
  8304 | D:7      | Reached skill level 10 in Dodging
  8310 | D:8      | Found an ornate altar of the Wu Jian Council.
  8456 | D:8      | Found a flagged portal.
  8460 | D:8      | Noticed Joseph
  8465 | Bailey   | Entered a bailey
  8483 | Bailey   | Reached * piety under Okawaru
  8484 | Bailey   | Reached XP level 10. HP: 67/83 MP: 10/10
  8688 | Bailey   | Identified the +6 hunting sling of Honour {venom, rC+ rN+
                  | Stlth+}
  8986 | Bailey   | Reached ** piety under Okawaru
  8987 | Bailey   | Reached skill level 11 in Dodging
  9017 | Bailey   | Reached skill level 10 in Fighting
  9018 | Bailey   | Noticed a two-headed ogre
  9026 | Bailey   | Killed a two-headed ogre
  9027 | Bailey   | Reached skill level 10 in Long Blades
  9629 | D:8      | Noticed a purple ugly thing
  9639 | D:8      | Killed a purple ugly thing
  9639 | D:8      | Reached *** piety under Okawaru
  9640 | D:8      | Reached skill level 12 in Dodging
  9882 | D:8      | Noticed a brown ugly thing
  9901 | D:8      | Killed a brown ugly thing
  9902 | D:8      | Reached XP level 11. HP: 54/93 MP: 11/11
 10059 | D:8      | Noticed a manticore
 10062 | D:8      | Noticed a tengu warrior
 10064 | D:8      | Killed a manticore
 10065 | D:8      | Noticed a brown ugly thing
 10082 | D:8      | Killed a tengu warrior
 10082 | D:8      | Reached **** piety under Okawaru
 10274 | D:8      | Noticed a centaur warrior
 10286 | D:8      | Killed a centaur warrior
 10594 | D:8      | Found a shimmering altar of Xom.
 10859 | D:8      | Noticed a cyclops
 10859 | D:8      | Identified the +9 short sword "Vomm" {freeze, Int+6 Dex+3}
 10877 | D:8      | Killed Joseph
 10878 | D:8      | Reached skill level 13 in Dodging
 11004 | D:8      | Killed a cyclops
 11016 | D:8      | Killed a brown ugly thing
 11168 | D:8      | Identified the +0 rapier of the Grey Skies {flame, Fragile
                  | rElec Will+ Str+5}
 12375 | D:10     | Entered Level 10 of the Dungeon
 12613 | D:10     | Noticed Nergalle
 12664 | D:9      | Killed Nergalle
 12664 | D:9      | Reached ***** piety under Okawaru
 12960 | D:10     | Reached skill level 14 in Dodging
 12961 | D:10     | Reached XP level 12. HP: 98/103 MP: 12/12
 12971 | D:10     | Noticed a two-headed ogre
 13002 | D:10     | Noticed Gastronok
 13017 | D:10     | Killed Gastronok
 13017 | D:10     | Received a gift from Okawaru
 13026 | D:10     | Killed a two-headed ogre
 13461 | D:10     | Found Rymiar Qeane's Weapon Boutique.
 13463 | D:10     | Found a staircase to the Orcish Mines.
 13465 | D:10     | Found Qiyloop's Armour Boutique.
 13475 | D:10     | Bought a +1 pair of boots for 161 gold pieces
 13551 | D:10     | Found a staircase to the Lair.
 13952 | Lair:1   | Entered Level 1 of the Lair of Beasts
 13975 | Orc:1    | Entered Level 1 of the Orcish Mines
 14174 | Orc:1    | Found Laeqab's Mass Market.
 15316 | Orc:1    | Acquired 329 gold pieces
 15363 | Orc:2    | Entered Level 2 of the Orcish Mines
 15377 | Orc:2    | Noticed an ettin
 15456 | Orc:1    | Killed an ettin
 15824 | Orc:2    | Reached skill level 15 in Dodging
 16254 | Orc:2    | Found a staircase to the Elven Halls.
 16308 | Orc:2    | Received a gift from Okawaru
 16661 | Orc:2    | Found Rynes's Magic Scroll Shoppe.
 17465 | Orc:2    | Found Sinn's General Store.
 17589 | Orc:2    | Noticed a soul eater
 17647 | Orc:2    | Killed from afar by a soul eater

Illustrated notes

Levels and vault maps discovered:
D:1:      dpeg_arrival_castle, layout_basic, serial_bayou, serial_bayou_shore_a,
          serial_bayou_pond_e, serial_bayou_pond_b, serial_bayou_pond_e,
          columned_hall_lemuel
D:2:      layout_loops_ring, grunt_ministairs_10
D:3:      kennysheep_big_flooded_room, layout_loops_ring,
          nicolae_tso_carved_into_rock, mainiacjoe_overflow_boulevard,
          hellmonk_ecumenical_altar_crossroads, serial_shops,
          nicolae_shop_crystal
D:4:      layout_cave_pools, nicolae_underground_beach
D:5:      layout_rooms, cheibrodos_sewer_entry_sluice, uniq_grinder, uniq_edmund
D:6:      layout_basic, nicolae_benzene_ring
D:7:      layout_loops_ring, mainiacjoe_overflow_catch_the_wave,
          minmay_temple_entry_glass, serial_park_tiny_1
D:8:      layout_basic, nicolae_wu_jian_immortal_techniques,
          mainiacjoe_overflow_surrounded_room, enter_bailey_8,
          minmay_misc_feat_pillars, minmay_evil_grid, uniq_joseph
D:9:      layout_loops_ring, minivault_24
D:10:     layout_stronghold, due_lair_maze_entry_diamond, orc_david_3,
          uniq_nergalle, uniq_gastronok
Temple:   kb_temple_of_zot
Lair:1:   layout_chaotic_city, chequers_serial_rivers_room_a,
          grunt_megastairs_1, infiniplex_staircase_pool_2
Orc:1:    layout_caves, basic_altar, minmay_shop_mass, nicolae_orc_pool_cavern
Orc:2:    pf_orc_diabolical, layout_caves

Skill      XL: |  1  2  3  4  5  6  7  8  9 10 11 12 |
---------------+-------------------------------------+-----
Dodging        | 1 2 3 4 5 6 8 10 12 14 15 | 15.5
Long Blades    | 3 4 5 7 9 10 12 13 | 13.4
Fighting       | 4 5 6 7 9 11 12 13 | 13.6
Armour         | |  2.1
Shields        | |  3.0

Action                   |  1- 3 |  4- 6 |  7- 9 | 10-12 || total
-------------------------+-------+-------+-------+-------++-------
Melee: Long sword        |   139 |   242 |   285 |   473 ||  1139
       Tailslap          |       |    11 |     5 |     5 ||    21
       Falchion          |       |       |    39 |   484 ||   523
Throw: Dart              |       |       |     7 |     2 ||     9
       Boomerang         |       |       |       |     2 ||     2
Invok: Heroism           |       |       |       |     7 ||     7
Evoke: Wand              |       |       |    12 |     2 ||    14
  Use: Scroll            |       |    10 |     6 |     8 ||    24
       Potion            |       |       |     1 |     1 ||     2
 Stab: Sleeping          |       |     1 |     2 |     1 ||     4
Armor: Scale mail        |    15 |       |       |       ||    15
       Leather armour    |    27 |   103 |    59 |    73 ||   262
Dodge: Dodged            |    73 |   235 |   188 |   558 ||  1054
Block: Buckler           |    34 |    83 |   174 |   396 ||   687
       Reflection        |       |       |     1 |    16 ||    17
